 Dungeon Crawl Stone Soup version 0.30-a0-23-ge60ba3568b (webtiles) character file.

Game seed: 13080937986729442754

8 Cedruin the Chopper (level 2, 21/22 HPs)
             Began as a Demonspawn Gladiator on Aug 24, 2022.
             Quit the game on level 1 of the Dungeon.
             The game lasted 00:00:33 (646 turns).

Cedruin the Chopper (Demonspawn Gladiator)           Turns: 646, Time: 00:00:33

Health: 21/22      AC:  4    Str: 14    XL:     2   Next: 0%
Magic:  2/2        EV: 12    Int:  9    God:
Gold:   53         SH:  0    Dex: 14    Spells: 1/1 levels left

rFire   . . .      SeeInvis .    a - +0 war axe
rCold   . . .      Faith    .    (no shield)
rNeg    . . .      Spirit   .    b - +0 leather armour
rPois   .          Reflect  .    c - +0 helmet
rElec   .          Harm     .    (no cloak)
rCorr   .          Rampage  .    (no gloves)
Will    .....                    (no boots)
Stlth   +.........               (no amulet)
HPRegen 0.07/turn                (no ring)
MPRegen 0.08/turn                (no ring)

@: no status effects
A: hooves 1
a: no special abilities


You were on level 1 of the Dungeon.
You visited 1 branch of the dungeon, and saw 1 of its levels.

You collected 53 gold pieces.

Inventory:

Hand Weapons
 a - a +0 war axe (weapon)
Missiles
 d - 3 throwing nets (quivered)
 e - a javelin
Armour
 b - a +0 leather armour (worn)
 c - a +0 helmet (worn)
Scrolls
 f - a scroll of butterflies {unknown}
 g - a scroll of enchant armour {unknown}
 i - a scroll of identify {unknown}
Potions
 h - 2 potions of curing {unknown}


   Skills:
 + Level 2.1 Fighting
 * Level 3.0 Axes
 - Level 1.7 Throwing
 + Level 2.8 Dodging


You had one spell level left.
You didn't know any spells.
Your spell library contained the following spells:

 Spells                   Type           Power      Damage    Failure   Level
 Confusing Touch          Hex            0%         N/A       83%         3
 Yara's Violent Unravell  Hex/Tmut       0%         3d3       100%        5
 Enfeeble                 Hex            0%         N/A       100%        7


Dungeon Overview and Level Annotations

Branches:
Dungeon (1/15)

Altars:


Innate Abilities, Weirdness & Mutations

You have large cloven feet.


Message History

No target in view!
No target in view!
No target in view!
An endoplasm comes into view.
Found a scroll labelled DYIS KAGAFRE.
An endoplasm is nearby!
The endoplasm quivers.
The endoplasm hits you but does no damage.
You hit the endoplasm.
You kill the endoplasm!
No target in view!
No target in view!
No target in view!
No target in view!
No target in view!
No target in view!
No target in view!
No target in view!
No target in view!
No target in view!
No target in view!
No target in view!
No target in view!
h - 2 brown potions (gained 1)
i - a scroll labelled DYIS KAGAFRE
Found 12 gold pieces.
A kobold is nearby!
The kobold throws a stone.
The stone closely misses you.
You closely miss the kobold.
The kobold hits you with a +2 short sword of protection.
You closely miss the kobold. The kobold barely misses you.
The kobold hits you but does no damage.
You slash the kobold!
You kill the kobold!
Your Axes skill increases to level 3!
You have reached level 2!
You feel monstrous as your demonic heritage exerts itself.
Your demonic ancestry asserts itself...
Your feet thicken and deform.
Are you sure you want to abandon this character and quit the game? (Confirm with "yes".)

...........#
..........## ..#
.........### ..#
#.##..##...## #..##
#...........# ....##
##.########.#
##..$#.#.#
#.....)....# #...#.⌠.
#..######..###.#..#
#..............@#
#...####.....##.)..#
##........##....##..#
#...##...........##..#
. ##................#
... .
#...####..........###
..#.##+++
#....†..............#
#...#....
#..######............
....#....
.............†..#
#..#..<.


There were no monsters in sight!

Vanquished Creatures
  3 endoplasms (D:1)
  2 ball pythons (D:1)
  2 kobolds (D:1)
  A rat (D:1)
8 creatures vanquished.

Notes
Turn   | Place    | Note
-------+----------+-------------------------------------------
     0 | D:1      | Cedruin the Demonspawn Gladiator began the quest for the
                  | Orb.
     0 | D:1      | Reached XP level 1. HP: 16/16 MP: 1/1
    98 | D:1      | Found a faded altar of an unknown god.
   646 | D:1      | Reached skill level 3 in Axes
   646 | D:1      | Discovered your monstrous ancestry.
   646 | D:1      | Gained mutation: You have large cloven feet. [demonic
                  | ancestry]
   646 | D:1      | Reached XP level 2. HP: 21/22 MP: 2/2
   646 | D:1      | Quit the game

Illustrated notes

Levels and vault maps discovered:
D:1:      dpeg_arrival_windows_large_door, layout_rooms,
          shapermc_ecumenical_altar_mp_highgroup, grunt_decor_mini_mirrors,
          minmay_misc_feat_more_columns, kennysheep_flooded_box

Skill      XL: |  1 |
---------------+----+-----
Axes           | 3 |  3.0
Fighting       | |  2.1
Throwing       | |  1.7
Dodging        | |  2.8

Action                   || total
-------------------------++-------
Melee: War axe           ||    26
       Punch             ||     1
Armor: Leather armour    ||     9
Dodge: Dodged            ||    13

Table legend: (Time is in decaauts)
 A = Elapsed time spent in this place.
 B = Non-inter-level travel time spent in this place.
 C = Inter-level travel time spent in this place.
 D = Time resting spent in this place.
 E = Time spent auto-exploring this place.
 F = Levels seen in this place.
 G = Mean time per level.
                   A        B        C        D        E       F      G
               +--------+--------+--------+--------+--------+-----+--------+
         Total |    655 |    655 |      0 |      0 |    581 |   1 |  655.0 |
       Dungeon |    655 |    655 |      0 |      0 |    581 |   1 |  655.0 |
               +--------+--------+--------+--------+--------+-----+--------+

Top non-repeatable levels by time:
     D:1: 655 daAuts
